 Dungeon Crawl Stone Soup version 0.23.1 (webtiles) character file.

Game seed: 0

695 FunkyPutin the Cudgeler (level 7, -3/43 HPs)
             Began as a Gargoyle Fighter on Mar 4, 2019.
             Slain by an orc warrior
             ... wielding a +0 mace
              (12 damage)
             ... on level 5 of the Dungeon.
             The game lasted 00:47:26 (4016 turns).

FunkyPutin the Cudgeler (Gargoyle Fighter)          Turns: 4016, Time: 00:47:27

Health: -3/43      AC: 14    Str: 25    XL:     7   Next: 64%
Magic:  7/7        EV:  8    Int:  8    God:
Gold:   279        SH: 10    Dex:  9    Spells: 6/6 levels left

rFire    . . .     SeeInvis .   a - +1 flail
rCold    . . .     Gourm    .   c - +0 shield
rNeg     + . .     Faith    .   b - +0 scale mail
rPois    ∞         Spirit   .   t - +1 helmet
rElec    +         Reflect  .   (no cloak)
rCorr    .         Harm     .   (no gloves)
MR       .....                  (no boots)
Stlth    ..........             (no amulet)
HPRegen  0.14/turn              g - +3 ring of strength
MPRegen  0.10/turn              (no ring)

@: no status effects
A: negative energy resistance 1, electricity resistance, unbreathing,
petrification resistance, rot immunity, AC +4
a: no special abilities


You were on level 5 of the Dungeon.
You were not hungry.

You visited 1 branch of the dungeon, and saw 5 of its levels.

You collected 279 gold pieces.

Inventory:

Hand Weapons
 a - a +1 flail (weapon)
 k - a +2 dagger of venom
Armour
 b - a +0 scale mail (worn)
 c - a +0 shield (worn)
 t - a +1 helmet (worn)
Jewellery
 g - a +3 ring of strength (left hand)
Scrolls
 h - 4 scrolls of enchant armour
 i - a scroll of remove curse
 m - a scroll of amnesia
 x - a scroll of magic mapping
Potions
 d - a potion of might
 e - 2 potions of curing
 j - 3 potions of heal wounds
 l - a potion of magic {unknown}
 n - a potion of flight {unknown}
 o - a potion of lignification {unknown}
 p - a potion of mutation {unknown}
 q - a potion of brilliance {unknown}
 r - 2 potions of resistance {unknown}
Comestibles
 f - 12 rations


   Skills:
 + Level 4.1 Fighting
 * Level 6.5 Maces & Flails
 + Level 4.4 Armour
 - Level 0.1 Dodging
 + Level 5.0 Shields


You had 6 spell levels left.
You didn't know any spells.
Your spell library was empty.

Dungeon Overview and Level Annotations

Branches:
Dungeon (5/15)
 Temple: D:4-7

Altars:
Ashenzari
Gozag
Nemelex Xobeh
The Shining One

Shops:
D:4 (


Innate Abilities, Weirdness & Mutations

You are resistant to torment.
Your stone body is resilient. (AC +4)
You are immune to poison.
You resist negative energy. (rN+)
You are resistant to electric shocks. (rElec)
You can survive without breathing.
You are immune to petrification.
You are immune to rotting.


Message History

The orc warrior is heavily wounded.
You block the orc warrior's attack.
You hit the orc warrior.
The orc warrior is heavily wounded.
You block the orc warrior's attack.
You closely miss the orc warrior.
The orc warrior is heavily wounded.
The orc warrior hits you with a +0 mace.
* * * LOW HITPOINT WARNING * * *
You hit the orc warrior.
The orc warrior is severely wounded.
The orc warrior hits you with a +0 mace.
* * * LOW HITPOINT WARNING * * *
You closely miss the orc warrior.
The orc warrior is severely wounded.
You block the orc warrior's attack.
You closely miss the orc warrior.
The orc warrior is severely wounded.
The orc warrior hits you with a +0 mace!
You die...

####...# #....#...#
#......###..........
##.....>.....########
# ###.....######Z#
###......## #o#
.......### #Z#
....#..# #o# ###.####
#o# # ### #@# #.# #.#
#.# #.# #.. ###


You could see an orc warrior, an orc wizard, an orc, a howler monkey zombie and
an adder skeleton.

Vanquished Creatures
  An ogre (D:4)
  A phantom (D:5)
  A bullfrog (D:5)
  A scorpion (D:4)
  A howler monkey (D:5)
  A bullfrog zombie (D:5)
  A hound (D:2)
  A centaur skeleton (D:4)
  A jelly (D:5)
  2 worker ants (D:4)
  A hound zombie (D:5)
  Robin (D:3)
  A howler monkey skeleton (D:4)
  3 adders
  2 gnolls (D:4)
  An adder skeleton (D:4)
  An adder zombie (D:5)
  3 worms
  2 dart slugs (D:1)
  A leopard gecko (D:5)
  4 orcs (D:4)
  3 ball pythons
  5 bats
  6 giant cockroaches
  13 goblins
  25 hobgoblins
  2 quokkas
  A jackal zombie (D:3)
  18 kobolds
  5 rats
109 creatures vanquished.

Notes
Turn   | Place    | Note
-------+----------+-------------------------------------------
     0 | D:1      | FunkyPutin the Gargoyle Fighter began the quest for the
                  | Orb.
     0 | D:1      | Reached XP level 1. HP: 14/14 MP: 1/1
   143 | D:1      | Reached XP level 2. HP: 19/19 MP: 2/2
   434 | D:1      | Reached XP level 3. HP: 23/23 MP: 3/3
   807 | D:2      | Reached skill level 3 in Maces & Flails
   807 | D:2      | Reached XP level 4. HP: 24/28 MP: 4/4
   967 | D:2      | Found an opulent altar of Gozag.
  1923 | D:3      | Reached XP level 5. HP: 32/32 MP: 5/5
  2116 | D:3      | Found a shattered altar of Ashenzari.
  2155 | D:3      | Found a sparkling altar of Nemelex Xobeh.
  2400 | D:3      | Noticed Robin
  2419 | D:3      | Reached skill level 4 in Maces & Flails
  2442 | D:3      | Killed Robin
  2776 | D:4      | Noticed an ogre
  2787 | D:4      | Killed an ogre
  2787 | D:4      | Reached skill level 5 in Maces & Flails
  2787 | D:4      | Reached XP level 6. HP: 16/38 MP: 6/6
  3633 | D:4      | Found Uteikeot's Weapon Shoppe.
  3707 | D:4      | Reached XP level 7. HP: 43/43 MP: 7/7
  3806 | D:5      | Entered Level 5 of the Dungeon
  3852 | D:5      | Reached skill level 6 in Maces & Flails
  3932 | D:5      | Found a glowing golden altar of the Shining One.
  3999 | D:5      | Reached skill level 5 in Shields
  4016 | D:5      | Slain by an orc warrior

Skill      XL: |  1  2  3  4  5  6  7 |
---------------+----------------------+-----
Maces & Flails | 3 5 6 |  6.5
Armour         | 4 |  4.4
Shields        | 4 5 |  5.0
Fighting       | 4 |  4.1
Dodging        | |  0.1

Action                   |  1- 3 |  4- 6 |  7- 9 || total
-------------------------+-------+-------+-------++-------
Melee: Flail             |    74 |   318 |    51 ||   443
  Use: Scroll            |     2 |    11 |       ||    13
  Eat: Chunk             |       |     6 |     1 ||     7
       Ration            |       |     1 |       ||     1
Armor: Scale mail        |    40 |   187 |    24 ||   251
Dodge: Dodged            |    22 |    86 |    15 ||   123
Block: Shield            |    41 |   218 |    20 ||   279
